 Dungeon Crawl Stone Soup version 0.29.1-1-gd02db6906a (webtiles) character file.

Game seed: 8177598360556822938

125 hawla the Conjurer (level 4, -2/34 HPs)
             Began as a Draconian Conjurer on Oct 7, 2022.
             Slain by an ice beast (6 damage)
             ... on level 2 of the Dungeon.
             The game lasted 00:06:04 (2894 turns).

hawla the Conjurer (Draconian Conjurer)             Turns: 2894, Time: 00:06:04

Health: -2/34      AC:  5    Str: 10    XL:     4   Next: 82%
Magic:  0/8        EV: 12    Int: 20    God:
Gold:   119        SH:  0    Dex:  9    Spells: 2/9 levels left

rFire   + . .      SeeInvis .   (no weapon)
rCold   + . .      Faith    .   (no shield)
rNeg    . . .      Spirit   .   (body armour unavailable)
rPois   .          Reflect  .   (helmet restricted)
rElec   .          Harm     .   i - scarf {rC+ rF+}
rCorr   .          Rampage  .   (no gloves)
Will    .....                   (no boots)
Stlth   ++........              (no amulet)
HPRegen 0.11/turn               (no ring)
MPRegen 0.11/turn               (no ring)

@: no status effects
A: AC +5, unfitting armour, cold-blooded
a: no special abilities


You were on level 2 of the Dungeon.
You visited 1 branch of the dungeon, and saw 3 of its levels.

You collected 119 gold pieces.

Inventory:

Missiles
 c - 7 poisoned darts
Armour
 i - a scarf of resistance (worn)
Jewellery
 j - an amulet of the acrobat
Scrolls
 b - 5 scrolls of teleportation {unknown}
 f - a scroll of identify {unknown}
 g - a scroll of magic mapping {unknown}
Potions
 a - a potion of magic
 d - 2 potions of haste {unknown}
 e - a potion of attraction {unknown}
 h - a potion of heal wounds {unknown}


   Skills:
 - Level 0.3 Fighting
 - Level 2.4 Dodging
 - Level 1.7 Stealth
 - Level 3.0 Spellcasting
 + Level 5.2 Conjurations


You had 2 spell levels left.
You knew the following spells:

 Your Spells              Type           Power      Damage    Failure   Level
a - Magic Dart            Conj           96%        1d7       1%          1
b - Searing Ray           Conj           48%        2d6       2%          2
c - Iskenderun's Mystic   Conj/Tloc      13%        2d5       43%         4

Your spell library contained the following spells:

 Spells                   Type           Power      Damage    Failure   Level
 Apportation              Tloc           6%         N/A       14%         1
 Slow                     Hex            12%        N/A       14%         1
 Dazzling Flash           Conj/Hex       26%        N/A       14%         3
 Confusing Touch          Hex            3%         N/A       38%         3
 Vampiric Draining        Necr           3%         2d6       38%         3
 Fulminant Prism          Conj/Hex       6%         3d7       43%         4
 Alistair's Intoxication  Tmut/Pois      2%         N/A       98%         5


Dungeon Overview and Level Annotations

Branches:
Dungeon (3/15)

Altars:

Annotations:
D:3 Sigmund


Innate Abilities, Weirdness & Mutations

Your plain brown scales are hard. (AC +5)
You cannot fit into any form of body armour.
You are cold-blooded and may be slowed by cold attacks.


Message History

The ice beast misses you.
Casting: Magic Dart (safe; 1% risk of failure)
Confirm with . or Enter, or press ? or * to list all spells.
Aiming: Magic Dart (safe; 1% risk of failure)
Press: ? - help, Shift-Dir - straight line, f/p - ice beast
Aim: an ice beast (almost dead, 100% to hit)
The magic dart hits the ice beast but does no damage.
The ice beast is almost dead.
The ice beast hits you but does no damage.
Unknown command.
You barely miss the ice beast.
The ice beast is almost dead.
The ice beast barely misses you.
You hit the ice beast but do no damage.
Your tail-slap misses the ice beast.
The ice beast is almost dead.
The ice beast misses you.
You hit the ice beast but do no damage.
The ice beast is almost dead.
The ice beast hits you. The ice beast freezes you! You resist.
You hit the ice beast but do no damage.
The ice beast is almost dead.
The ice beast hits you. The ice beast freezes you. You resist.
* * * LOW HITPOINT WARNING * * *
You closely miss the ice beast.
The ice beast is almost dead.
The ice beast hits you.
* * * LOW HITPOINT WARNING * * *
The ice beast freezes you. You resist.
* * * LOW HITPOINT WARNING * * *
Casting: Magic Dart (safe; 1% risk of failure)
Confirm with . or Enter, or press ? or * to list all spells.
Aiming: Magic Dart (safe; 1% risk of failure)
Press: ? - help, Shift-Dir - straight line, f/p - ice beast
Aim: an ice beast (almost dead, 100% to hit)
The magic dart hits the ice beast.
The ice beast is almost dead.
The ice beast hits you.
* * * LOW HITPOINT WARNING * * *
The ice beast freezes you. You resist.
You die...

#......## #..... ##.....##
#..... ######......#
#.[... #.........###
#..... #.........#
#######.....
#.........#####...........
#...............##########
#........Y.######
#........@## #.........#
#.........# #.........#
###########


You could see an ice beast.

Vanquished Creatures
  Natasha (twice) (D:2)
  3 adders (D:2)
  A worm (D:2)
  3 endoplasms (D:2)
  2 giant cockroaches (D:1)
  2 goblins
  10 hobgoblins
  5 kobolds
  A quokka (D:2)
  6 ball pythons
  4 bats
  3 frilled lizards
  A rat (D:1)
43 creatures vanquished.

Notes
Turn   | Place    | Note
-------+----------+-------------------------------------------
     0 | D:1      | hawla the Draconian Conjurer began the quest for the Orb.
     0 | D:1      | Reached XP level 1. HP: 14/14 MP: 3/3
   364 | D:1      | Reached XP level 2. HP: 20/20 MP: 0/5
   538 | D:1      | Learned a level 2 spell: Searing Ray
   949 | D:1      | Found a faded altar of an unknown god.
  1676 | D:2      | Reached XP level 3. HP: 26/26 MP: 4/6
  2212 | D:2      | Reached XP level 4. HP: 33/33 MP: 3/8
  2213 | D:2      | Reached skill level 5 in Conjurations
  2393 | D:3      | Noticed Natasha
  2393 | D:3      | Noticed Sigmund
  2402 | D:2      | Killed Natasha
  2457 | D:2      | Noticed Natasha
  2471 | D:2      | Killed Natasha
  2748 | D:2      | Learned a level 4 spell: Iskenderun's Mystic Blast
  2873 | D:3      | Noticed an ice beast
  2894 | D:2      | Slain by an ice beast

Illustrated notes

Levels and vault maps discovered:
D:1:      dpeg_arrival_more_subterranean_lakeside_camping, layout_basic,
          shapermc_ecumenical_altar_ellora
D:2:      layout_rooms
D:3:      layout_rooms, lemuel_tele_altar, mainiacjoe_overflow_brackets,
          mainiacjoe_overflow_boulevard, serial_bayou_lagoon_a,
          minmay_goblin_kobold_house, uniq_natasha, uniq_sigmund

Skill      XL: |  1  2  3  4 |
---------------+-------------+-----
Dodging        | 2 |  2.4
Conjurations   | 5 |  5.2
Spellcasting   | 3 |  3.0
Fighting       | |  0.3
Stealth        | |  1.7

Action                   |  1- 3 |  4- 6 || total
-------------------------+-------+-------++-------
Melee: Unarmed           |    33 |    13 ||    46
       Tailslap          |     5 |     1 ||     6
 Cast: Magic Dart        |    55 |     7 ||    62
       Searing Ray       |     7 |     7 ||    14
Armor: Skin              |    11 |     7 ||    18
Dodge: Dodged            |    29 |    12 ||    41
